 Dungeon Crawl Stone Soup version 0.29-a0-350-g7790a0e70a (webtiles) character file.

Game seed: 4737884954264221989

58 siradein the Magician (level 4, 0/32 HPs)
             Began as a Djinni Fire Elementalist on Apr 22, 2022.
             Killed from afar by a white imp (18 damage)
             ... with a puff of frost
             ... summoned by Natasha
             ... on level 2 of the Dungeon.
             The game lasted 00:04:31 (1946 turns).

siradein the Magician (Djinni Fire Elementalist)    Turns: 1946, Time: 00:04:33

Health: 0/32       AC:  2    Str:  7    XL:     4   Next: 20%
Gold:   70         EV: 16    Int: 18    God:
                   SH:  0    Dex: 14

rFire   + + .      SeeInvis .   (no weapon)
rCold   x . .      Faith    .   (no shield)
rNeg    . . .      Spirit   .   a - +0 robe
rPois   ∞          Reflect  .   (no helmet)
rElec   .          Harm     .   (no cloak)
rCorr   .          Rampage  .   (no gloves)
Will    .....                   (boots unavailable)
Stlth   ++........              (no amulet)
HPRegen 0.10/turn               h - +4 ring of evasion
MPRegen 0.00/turn               (no ring)

@: flying
A: sickness immunity, fire resistance 2, cold vulnerability 1, float, innate
caster, HP casting, extra vitality 1
a: no special abilities


You were on level 2 of the Dungeon.
You visited 1 branch of the dungeon, and saw 2 of its levels.

You collected 70 gold pieces.

Inventory:

Armour
 a - a +0 robe (worn)
Jewellery
 h - a +4 ring of evasion (left hand)
Scrolls
 b - 2 scrolls of teleportation {unknown}
 c - a scroll of summoning {unknown}
 e - 2 scrolls of amnesia {unknown}
 f - a scroll of identify {unknown}
 j - a scroll of fear {unknown}
Potions
 d - a potion of attraction {unknown}
 g - a potion of curing {unknown}
 i - a potion of mutation {unknown}


   Skills:
 + Level 1.3 Fighting
 + Level 2.8 Dodging
 + Level 2.1 Stealth
 * Level 3.0 Spellcasting


You couldn't memorise any spells.
You knew the following spells:

 Your Spells              Type           Power      Damage    Failure   Level
a - Foxfire               Conj/Fire      52%        2x1d6     4%          1
b - Scorch                Fire           26%        2d6       7%          2
c - Conjure Flame         Conj/Fire      13%        6-21      14%         3
d - Inner Flame           Hex/Fire       13%        N/A       14%         3
e - Flame Wave            Conj/Fire      13%        2d6       43%         4
f - Freeze                Ice            52%        1d7       4%          1
Your spell library was empty.

Dungeon Overview and Level Annotations

Branches:
Dungeon (2/15)

Altars:
Kikubaaqudgha

Annotations:
D:2 Natasha


Innate Abilities, Weirdness & Mutations

You are immune to sickness and miasma.
You are immune to poison.
Your flesh is very heat resistant. (rF++)
You are vulnerable to cold. (rC-)
You float through the air rather than walking.
You learn spells naturally, not from books.
Your magical power is your life essence.
You have superior vitality. (+4 MHP)


Message History

The foxfire hits the rat but does no damage.
You conjure some foxfire!
The foxfire hits the rat but does no damage.
The foxfire hits the rat.
The rat is severely wounded.
You conjure some foxfire!
The foxfire hits the rat.
You kill the rat!
Your foxfire dissipates!
j - a scroll labelled YNUASU FUSI
b - 2 scrolls labelled QULA EQAMIWN (gained 1)
You now have 60 gold pieces (gained 10).
You now have 70 gold pieces (gained 10).
You reach down and open the door.
There is an open door here.
You see here a +0 whip.
Found a stone staircase leading up.
e - 2 scrolls labelled GESHUD POUSE (gained 1) Natasha, Servant of Life and Death comes into view.
You conjure some foxfire!
You conjure some foxfire!
The foxfire hits Natasha.
Natasha is lightly wounded.
Natasha hisses angrily.
The foxfire hits Natasha but does no damage.
Natasha is lightly wounded.
Natasha casts a spell.
You conjure some foxfire!
The foxfire hits Natasha.
Natasha is moderately wounded.
The foxfire hits the white imp.
The white imp is burned terribly!
The white imp is heavily wounded.
The white imp gestures at you. The puff of frost hits you!
You feel a terrible chill!
The foxfire hits the white imp but does no damage.
The white imp is heavily wounded.
The foxfire hits the white imp but does no damage.
The white imp is heavily wounded.
The white imp gestures at you. The puff of frost hits you!!
You feel a terrible chill!
Ouch! That really hurt!
You die...

......... ..........
.###### #....... .......
#......# ## .......
#......# #. .......
#......######.
..!5.§.####......##.....
.....§§§.........##.....
...§h.§@................
..#§...§.....##....#....
#..........##....#.#..
#..........##^...#.###
#..........##....#....
#..........##....#####
#############....#
######


You could see Natasha and a white imp (summoned).

Vanquished Creatures
  An adder (D:2)
  A worm (D:2)
  2 dart slugs (D:1)
  A bat (D:1)
  3 endoplasms
  4 giant cockroaches (D:1)
  2 goblins (D:1)
  6 hobgoblins (D:1)
  3 jackals (D:1)
  A quokka (D:1)
  2 ball pythons
  4 frilled lizards (D:1)
  5 kobolds (D:1)
  3 rats
38 creatures vanquished.

Vanquished Creatures (others)
  113 foxfires
113 creatures vanquished.

Grand Total: 151 creatures vanquished

Notes
Turn   | Place    | Note
-------+----------+-------------------------------------------
     0 | D:1      | siradein the Djinni Fire Elementalist began the quest for
                  | the Orb.
     0 | D:1      | Reached XP level 1. HP: 15/15 MP: 0/0
   225 | D:1      | Reached XP level 2. HP: 17/22 MP: 0/0
   678 | D:1      | Reached XP level 3. HP: 20/26 MP: 0/0
   678 | D:1      | Learned a level 1 spell: Freeze
   835 | D:1      | Reached skill level 1 in Fighting
  1773 | D:2      | Reached skill level 3 in Spellcasting
  1773 | D:2      | Reached XP level 4. HP: 30/32 MP: 0/0
  1940 | D:2      | Noticed Natasha
  1946 | D:2      | Killed from afar by a white imp

Illustrated notes

Levels and vault maps discovered:
D:1:      dpeg_cavernosity, layout_loops_ring
D:2:      layout_basic, minmay_hexomino_r4, uniq_natasha

Skill      XL: |  1  2  3 |
---------------+----------+-----
Fighting       | 1 |  1.3
Stealth        | 2 |  2.1
Spellcasting   | 3 |  3.0
Dodging        | |  2.8

Action                   |  1- 3 |  4- 6 || total
-------------------------+-------+-------++-------
 Cast: Foxfire           |    60 |     7 ||    67
       Scorch            |     2 |       ||     2
Armor: Robe              |     3 |       ||     3
Dodge: Dodged            |    11 |       ||    11

Table legend: (Time is in decaauts)
 A = Elapsed time spent in this place.
 B = Non-inter-level travel time spent in this place.
 C = Inter-level travel time spent in this place.
 D = Time resting spent in this place.
 E = Time spent auto-exploring this place.
 F = Levels seen in this place.
 G = Mean time per level.
                   A        B        C        D        E       F      G
               +--------+--------+--------+--------+--------+-----+--------+
         Total |   1945 |   1926 |     19 |      0 |   1688 |   2 |  972.5 |
       Dungeon |   1945 |   1926 |     19 |      0 |   1688 |   2 |  972.5 |
               +--------+--------+--------+--------+--------+-----+--------+

Top non-repeatable levels by time:
     D:1: 1677 daAuts
     D:2: 268 daAuts
